 Dungeon Crawl Stone Soup version 0.16-a0-3946-g4f19e5c (webtiles) character file.

77 Charly the Charmwright (level 4, -2/36 HPs)
             Began as a Draconian Skald on Feb 9, 2015.
             Slain by a worker ant (3 damage)
             ... on level 4 of the Dungeon.
             The game lasted 00:13:55 (1175 turns).

Charly the Charmwright (Draconian Skald)            Turns: 1175, Time: 00:13:55

Health: -2/36      AC:  6    Str: 14    XL:     4   Next: 14%
Magic:  0/7        EV: 11    Int: 14    God:
Gold:   121        SH:  0    Dex: 10    Spells: 3 memorised, 1 level left

rFire  . . .     SeeInvis .     a - +0 spear
rCold  . . .     Clarity  .     (armour unavailable)
rNeg   . . .     SustAb   .     (no shield)
rPois  .         Gourm    .     (helmet restricted)
rElec  .         Spirit   .     (no cloak)
rCorr  .         Warding  .     (no gloves)
rMut   .         Stasis   .     h - +0 pair of boots
MR     .....                    (no amulet)
Stlth  +.........               (no ring)
                                (no ring)

@: lethally poisoned (-2 -> -14), infused, very slightly contaminated, not
resistant to hostile enchantments, very unstealthy
A: unfitting armour, cold-blooded, AC +5
a: no special abilities


You were on level 4 of the Dungeon.
You were near starving.

You visited 1 branch of the dungeon, and saw 4 of its levels.

You collected 121 gold pieces.

Inventory:

Hand weapons
 a - a +0 spear (weapon)
Missiles
 n - 18 poisoned needles
Armour
 h - a +0 pair of boots (worn)
Magical devices
 e - a wand of random effects (28)
Scrolls
 b - 4 scrolls of remove curse {unknown}
 g - a scroll of noise {unknown}
 i - a scroll of immolation {unknown}
 j - a scroll of enchant armour {unknown}
 k - 2 scrolls of teleportation {unknown}
 m - a scroll of enchant weapon {unknown}
 o - a scroll of fear {unknown}
Potions
 l - a potion of flight
Books
 c - a book of Battle

   Spells                             Type                      Level
   a - Infusion                       Charms                       1
   b - Shroud of Golubria             Charms/Translocation         2
   c - Song of Slaying                Charms                       2
   d - Spectral Weapon                Hexes/Charms                 3
   e - Regeneration                   Charms/Necromancy            3
Comestibles
 d - 2 bread rations


   Skills:
 - Level 2.1 Fighting
 + Level 3.3 Polearms
 - Level 1.3 Dodging
 - Level 2.0 Spellcasting
 + Level 0.8 Hexes
 + Level 3.6 Charms


You had one spell level left.
You knew the following spells:

 Your Spells              Type           Power        Failure   Level  Hunger
g - Shroud of Golubria    Chrm/Tloc      #.........   21%         2    ###....
i - Infusion              Chrm           ##....       6%          1    ##.....
w - Spectral Weapon       Hex/Chrm       #.......     30%         3    ####...


Dungeon Overview and Level Annotations

Branches:
Dungeon (4/15)
 Temple: D:4-7

Altars:


Innate Abilities, Weirdness & Mutations

Your plain brown scales are hard (AC +5).
Your body does not fit into most forms of armour.
Your cold-blooded metabolism reacts poorly to cold.


Message History

You barely miss the worker ant.
The worker ant is heavily wounded.
The worker ant misses you. The worker ant bites you.
* * * LOW HITPOINT WARNING * * *
You are poisoned.
The worker ant poisons you!
You hit the worker ant.
The worker ant is severely wounded.
You feel sick. The worker ant misses you.
You closely miss the worker ant.
The worker ant is severely wounded.
The worker ant bites you.
* * * LOW HITPOINT WARNING * * *
You are more poisoned.
The worker ant poisons you!
You hit the worker ant.
The worker ant is almost dead.
* * * LOW HITPOINT WARNING * * *
You feel sick. The worker ant bites you.
You die...

. .# .# ######## .##
#......##.. ### #......#.[
.... #......#.# .....
.##########......#.#.......
...............|@as%...#
#....###.......#....##
#.##......########..#
#..#......# ..#
###.#......# .#
##...##.....# ..
............#. #.
##.##########.# #... ....#


You could see a scorpion and a worker ant.

Vanquished Creatures
  Terence (D:3)
  An adder (D:3)
  A giant mite (D:2)
  A worm (D:3)
  An ooze (D:3)
  4 bats
  A bat skeleton (D:4)
  4 giant cockroaches
  2 hobgoblins
  A giant gecko (D:1)
  6 giant newts
  5 goblins
  8 jackals
  7 kobolds
  A rat (D:1)
44 creatures vanquished.

Notes
Turn   | Place    | Note
--------------------------------------------------------------
     0 | D:1      | Charly, the Draconian Skald, began the quest for the Orb.
     0 | D:1      | Reached XP level 1. HP: 17/17 MP: 3/3
   273 | D:1      | Reached XP level 2. HP: 21/24 MP: 0/4
   292 | D:1      | Learned a level 2 spell: Shroud of Golubria
   353 | D:2      | Reached skill level 3 in Charms
   536 | D:2      | Reached XP level 3. HP: 25/29 MP: 6/6
   548 | D:2      | Learned a level 3 spell: Spectral Weapon
   752 | D:3      | Noticed Terence
   903 | D:3      | Killed Terence
   967 | D:3      | Reached XP level 4. HP: 7/36 MP: 1/7
  1175 | D:4      | HP: 1/36 [poisoned by a worker ant]
  1175 | D:4      | Slain by a worker ant

Action                   |  1- 3 |  4- 6 || total
-------------------------+-------+-------++-------
Melee: Spear             |   183 |    59 ||   242
 Cast: Infusion          |     9 |     1 ||    10
       Shroud of Golubri |       |     1 ||     1
  Use: Scroll            |     3 |       ||     3
       Potion            |     2 |     1 ||     3
  Eat: Chunk             |       |     1 ||     1
